 Seeded DCSS version 0.28-a0-312-gbced6e68ee (webtiles) character file.

Game seed: 7704828258330008827 (custom seed)

6 voltaire321 the Ducker (level 1, 0/17 HPs)
             Began as a Merfolk Gladiator on Aug 31, 2021.
             Slain by a goblin (1 damage)
             ... on level 1 of the Dungeon.
             The game lasted 00:00:29 (139 turns).

voltaire321 the Ducker (Merfolk Gladiator)           Turns: 139, Time: 00:00:30

Health: 0/17       AC:  4    Str: 14    XL:     1   Next: 90%
Magic:  1/1        EV: 13    Int:  7    God:
Gold:   8          SH:  0    Dex: 15    Spells: 0/0 levels left

rFire   . . .      SeeInvis .   a - +0 long sword
rCold   . . .      Faith    .   (no shield)
rNeg    . . .      Spirit   .   b - +0 leather armour
rPois   .          Reflect  .   c - +0 helmet
rElec   .          Harm     .   (no cloak)
rCorr   .          Rampage  .   (no gloves)
Will    .....                   (no boots)
Stlth   +.........              (no amulet)
HPRegen 0.05/turn               (no ring)
MPRegen 0.07/turn               (no ring)

@: no status effects
A: (nimble swimmer 2), mertail
a: no special abilities


You were on level 1 of the Dungeon.
You visited 1 branch of the dungeon, and saw 1 of its levels.

You collected 8 gold pieces.

Inventory:

Hand Weapons
 a - a +0 long sword (weapon)
Missiles
 d - 3 throwing nets (quivered)
Armour
 b - a +0 leather armour (worn)
 c - a +0 helmet (worn)
Scrolls
 e - a scroll of acquirement {unknown}
 f - a scroll of identify {unknown}
 g - a scroll of vulnerability {unknown}


   Skills:
 + Level 2.3 Fighting
 + Level 3.4 Long Blades
 + Level 2.1 Throwing
 + Level 4.1 Dodging


You couldn't memorise any spells.
You didn't know any spells.
Your spell library was empty.

Dungeon Overview and Level Annotations

Branches:
Dungeon (1/15)

Altars:

Shops:
D:1 :


Innate Abilities, Weirdness & Mutations

((You are quick and stealthy near water. (Stealth+, EV+, Speed+++)))
Your lower body shifts to a powerful aquatic tail in water.


Message History

You closely miss the hobgoblin. The hobgoblin hits you.
A goblin comes into view. It is wielding a +0 dagger.
The goblin shouts!
You hit the hobgoblin.
The hobgoblin is moderately wounded.
The hobgoblin hits you but does no damage. x2
You hit the hobgoblin but do no damage.
The hobgoblin is moderately wounded.
The hobgoblin barely misses you.
You closely miss the hobgoblin.
The hobgoblin is moderately wounded.
The hobgoblin misses you.
You barely miss the hobgoblin.
The hobgoblin is moderately wounded.
The hobgoblin hits you.
You slash the hobgoblin!
You kill the hobgoblin!
The bat closely misses you.
You hit the goblin.
The goblin is severely wounded.
The goblin hits you with a +0 dagger. x2
You barely miss the goblin.
The goblin is severely wounded.
The goblin hits you with a +0 dagger.
* * * LOW HITPOINT WARNING * * *
You hit the goblin but do no damage.
The goblin is severely wounded.
The goblin hits you with a +0 dagger.
* * * LOW HITPOINT WARNING * * *
You barely miss the goblin.
The goblin is severely wounded.
The goblin hits you but does no damage.
You closely miss the goblin.
The goblin is severely wounded.
The goblin barely misses you. The goblin hits you with a +0 dagger.
* * * LOW HITPOINT WARNING * * *
You closely miss the goblin.
The goblin is severely wounded.
The goblin hits you with a +0 dagger.
You die...

..........###...#.#
........#..#.#..#.#
........#.#.##..#.#
#...#..#.#.##..#.####
#...#.∩.............#
#..#......†......##)#
#...bb..#.########.#
##.##g###.# #.# ..
#@# #.# #.# # #.# #.#
#.# #.# #.# #.# #.#
#.# #.# #.# #.# #.#
#.# #.# #.### #.# #.#
#.... #.# #.# #####


You could see a goblin and 2 bats.

Vanquished Creatures
  An endoplasm (D:1)
  2 goblins (D:1)
  A hobgoblin (D:1)
  A bat (D:1)
5 creatures vanquished.

Notes
Turn   | Place    | Note
-------+----------+-------------------------------------------
     0 | D:1      | voltaire321 the Merfolk Gladiator began the quest for the
                  | Orb.
     0 | D:1      | Reached XP level 1. HP: 16/16 MP: 1/1
    95 | D:1      | Found Iveklaap's Book Emporium.
   139 | D:1      | Slain by a goblin

Illustrated notes

Levels and vault maps discovered:
D:1:      shiori_shiawase, layout_loops_ring, serial_shops, shop,
          minmay_hexomino_u4

Action                   || total
-------------------------++-------
Melee: Long sword        ||    23
Armor: Leather armour    ||     7
Dodge: Dodged            ||    15

Table legend: (Time is in decaauts)
 A = Elapsed time spent in this place.
 B = Non-inter-level travel time spent in this place.
 C = Inter-level travel time spent in this place.
 D = Time resting spent in this place.
 E = Time spent auto-exploring this place.
 F = Levels seen in this place.
 G = Mean time per level.
                   A        B        C        D        E       F      G
               +--------+--------+--------+--------+--------+-----+--------+
         Total |    144 |    144 |      0 |      0 |     85 |   1 |  144.0 |
       Dungeon |    144 |    144 |      0 |      0 |     85 |   1 |  144.0 |
               +--------+--------+--------+--------+--------+-----+--------+

Top non-repeatable levels by time:
     D:1: 144 daAuts
